 Dungeon Crawl Stone Soup version 0.27-a0-1147-gb3d8e82157 (webtiles) character file.

Game seed: 10108286846058634541

429 Ijustatesigmund the Chopper (level 6, 0/44 HPs)
             Began as an Octopode Fighter on May 11, 2021.
             Slain by a gnoll
             ... wielding a +0 spear
              (5 damage)
             ... on level 4 of the Dungeon.
             The game lasted 00:06:05 (4307 turns).

Ijustatesigmund the Chopper (Octopode Fighter)      Turns: 4307, Time: 00:06:05

Health: 0/44       AC:  1    Str: 15    XL:     6   Next: 98%
Magic:  15/15      EV: 12    Int: 11    God:
Gold:   97         SH:  9    Dex: 13    Spells: 5/5 levels left

rFire    . . .     SeeInvis .   a - +1 war axe
rCold    . . .     Faith    .   b - +0 kite shield
rNeg     . . .     Spirit   .   (helmet restricted)
rPois    .         Reflect  .   (no amulet)
rElec    .         Harm     .   i - ring of magical power
rCorr    .         Rampage  .   (no ring)
Will     .....                  (no ring)
Stlth    ++........             (no ring)
HPRegen  0.14/turn              (no ring)
MPRegen  0.14/turn              (no ring)
                                (no ring)
                                (no ring)

@: no status effects
A: almost no armour, amphibious, 8 rings, camouflage 1, gelatinous body 1,
(nimble swimmer 1), tentacles
a: no special abilities


You were on level 4 of the Dungeon.
You visited 1 branch of the dungeon, and saw 4 of its levels.

You collected 136 gold pieces.
You spent 39 gold pieces at shops.

Inventory:

Hand Weapons
 a - a +1 war axe (weapon)
Missiles
 g - 10 poisoned darts (quivered)
 h - 2 throwing nets
Armour
 b - a +0 kite shield (worn)
Jewellery
 i - a ring of magical power (left tentacle)
Scrolls
 l - a scroll of identify
 m - a scroll of fear {unknown}
Potions
 c - a potion of might
 d - a potion of invisibility
 e - a potion of lignification
 f - a potion of heal wounds
 j - 2 potions of curing
 k - a potion of cancellation {unknown}


   Skills:
 + Level 4.7 Fighting
 + Level 4.8 Axes
 + Level 4.1 Dodging
 + Level 3.8 Shields


You had 5 spell levels left.
You didn't know any spells.
Your spell library contained the following spells:

 Spells                   Type           Power      Damage    Failure   Level
 Summon Forest            Summ/Tloc      0%         N/A       100%        5
 Summon Mana Viper        Hex/Summ       0%         N/A       100%        5
 Shadow Creatures         Summ           N/A        N/A       100%        6
 Summon Hydra             Summ           0%         N/A       100%        7


Dungeon Overview and Level Annotations

Branches:
Dungeon (4/15)
 Temple: D:4-7

Altars:
Uskayaw

Shops:
D:3 !

Annotations:
D:3 Robin


Innate Abilities, Weirdness & Mutations

You cannot wear most types of armour.
You are amphibious.
You can wear up to eight rings at the same time.
Your skin changes colour to match your surroundings (Stealth+).
Your rubbery body absorbs attacks. (AC +1, EV +1)
((You are camouflaged near water. (Stealth+)))
You have tentacles for arms and can constrict up to eight enemies at once.


Message History

Press: ? - help, Q - select action, (/) - cycle Shift-Dir - straight line, f/p - gnoll
Aim: a gnoll, wielding a +0 whip of draining (61% to hit)
You throw a poisoned dart.
The poisoned dart barely misses the gnoll.
The gnoll blocks the poisoned dart.
A ball python comes into view.
Throw: 11 darts (poison)
Press: ? - help, Q - select action, (/) - cycle Shift-Dir - straight line, f/p - gnoll
Aim: a gnoll, wielding a +0 whip of draining (63% to hit)
You throw a poisoned dart.
The poisoned dart completely misses the gnoll.
The gnoll blocks the poisoned dart.
You closely miss the gnoll. You grab the gnoll. You constrict the gnoll.
The gnoll barely misses you.
The gnoll hits you with a +0 whip of draining.
You feel drained.
You hit the gnoll.
The gnoll is moderately wounded.
You constrict the gnoll. You block the gnoll's attack.
You slash the gnoll!
You kill the gnoll!
The gnoll barely misses you.
The gnoll hits you from afar with a +0 spear.
You closely miss the gnoll. You grab the gnoll. You constrict the gnoll.
You block the gnoll's attack.
The gnoll hits you from afar with a +0 spear.
You hit the gnoll. You squeeze the gnoll!
You kill the gnoll!
The gnoll hits you from afar with a +0 spear. x2
Your life force feels restored.
The gnoll hits you with a +0 spear.
Things that are here:
a +0 flail; a +0 whip of draining The gnoll blocks your attack.
Your grab misses the gnoll. The gnoll hits you with a +0 spear!
* * * LOW HITPOINT WARNING * * *
You slash the gnoll! The gnoll blocks your attack.
The gnoll is almost dead.
The gnoll hits you with a +0 spear.
You die...

... ....# #.# #..#
#.###..## ........#
........# ##.##..## ###
##.##..## ....
.#......#############
.....
.+..............@gSg#...|#
##.....############.....#
######## ##...## .# ..##
.# ..(. #### ...(# ##.##
..⌠... ....# ....##. ....#
.....


You could see 2 gnolls and a ball python.

Vanquished Creatures
  An ogre (D:4)
  A scorpion (D:4)
  A howler monkey (D:3)
  An orc priest (D:4)
  A hound (D:4)
  6 gnolls
  3 adders
  A worm (D:2)
  3 dart slugs
  7 orcs
  4 ball pythons
  8 endoplasms
  3 giant cockroaches
  16 goblins
  9 hobgoblins
  4 jackals (D:1)
  A quokka (D:1)
  4 bats
  10 frilled lizards
  6 kobolds
  10 rats
100 creatures vanquished.

Vanquished Creatures (others)
  A fungus (D:1)
1 creature vanquished.

Grand Total: 101 creatures vanquished

Notes
Turn   | Place    | Note
-------+----------+-------------------------------------------
     0 | D:1      | Ijustatesigmund the Octopode Fighter began the quest for
                  | the Orb.
     0 | D:1      | Reached XP level 1. HP: 16/16 MP: 1/1
    85 | D:1      | Reached XP level 2. HP: 11/21 MP: 2/2
   452 | D:1      | Reached XP level 3. HP: 23/26 MP: 3/3
   673 | D:1      | Found a faded altar of an unknown god.
  1107 | D:2      | Reached XP level 4. HP: 26/32 MP: 4/4
  2197 | D:3      | Found a hide-covered altar of Uskayaw.
  2625 | D:3      | Found Magetross's Distillery.
  2637 | D:3      | Bought a potion of curing for 39 gold pieces
  2764 | D:3      | Reached XP level 5. HP: 8/37 MP: 5/5
  3054 | D:4      | Noticed an ogre
  3176 | D:4      | Killed an ogre
  3177 | D:4      | Reached XP level 6. HP: 17/44 MP: 6/6
  3487 | D:4      | Noticed Robin
  4307 | D:4      | Slain by a gnoll

Illustrated notes

Levels and vault maps discovered:
D:1:      dpeg_arrival_prison, layout_rooms, chequers_ecumenical_altar_simple,
          minmay_misc_feat_iff, st_stairs_5, minmay_misc_feat_secret_circle,
          minmay_indecisive_spiral
D:2:      layout_rooms
D:3:      layout_basic, nicolae_uskayaw_dance_hall, serial_shops, shop
D:4:      layout_gridville, minmay_temple_entry_waves, uniq_robin

Skill      XL: |  1  2  3  4  5  6 |
---------------+-------------------+-----
Axes           | 3 4 |  4.8
Fighting       | 4 |  4.7
Dodging        | 4 |  4.1
Shields        | |  3.8

Action                   |  1- 3 |  4- 6 || total
-------------------------+-------+-------++-------
Melee: War axe           |    64 |    95 ||   159
       Constrict         |    17 |    23 ||    40
       Tentacles         |    15 |    21 ||    36
Throw: Dart              |       |    26 ||    26
  Use: Scroll            |       |     3 ||     3
       Potion            |       |     1 ||     1
 Stab: Sleeping          |     3 |     6 ||     9
Armor: Skin              |     4 |     7 ||    11
Dodge: Dodged            |    30 |    42 ||    72
Block: Kite shield       |    24 |    44 ||    68

Table legend: (Time is in decaauts)
 A = Elapsed time spent in this place.
 B = Non-inter-level travel time spent in this place.
 C = Inter-level travel time spent in this place.
 D = Time resting spent in this place.
 E = Time spent auto-exploring this place.
 F = Levels seen in this place.
 G = Mean time per level.
                   A        B        C        D        E       F      G
               +--------+--------+--------+--------+--------+-----+--------+
         Total |   4403 |   4282 |    121 |   1133 |   2419 |   4 | 1100.8 |
       Dungeon |   4403 |   4282 |    121 |   1133 |   2419 |   4 | 1100.8 |
               +--------+--------+--------+--------+--------+-----+--------+

Top non-repeatable levels by time:
     D:3: 1714 daAuts
     D:1: 1066 daAuts
     D:2: 861 daAuts
     D:4: 760 daAuts
